 Dungeon Crawl Stone Soup version 0.20.1-1-g8b1a95d (webtiles) character file.

1597 letownia2 the Reanimator (level 8, 0/67 HPs)
             Began as a Deep Dwarf Necromancer on Dec 16, 2017.
             Was an Initiate of Gozag.
             Slain by a wight
             ... wielding a +2 falchion
              (1 damage)
             ... on level 6 of the Dungeon.
             The game lasted 00:16:08 (6331 turns).

letownia2 the Reanimator (Deep Dwarf Necromancer)   Turns: 6331, Time: 00:16:09

Health: 0/67       AC:  7    Str: 12    XL:     8   Next: 62%
Magic:  17/17      EV: 10    Int: 18    God:    Gozag
Gold:   667        SH:  0    Dex: 13    Spells: 15/19 levels left

rFire    . . .     SeeInvis .   a - +2 whip (elec)
rCold    . . .     Gourm    .   (no shield)
rNeg     . . .     Faith    .   m - +0 ring mail
rPois    .         Spirit   .   (no helmet)
rElec    .         Reflect  .   (no cloak)
rCorr    .         Harm     .   P - +0 pair of gloves
MR       +....                  j - +0 pair of boots
Stlth    +.........             (no amulet)
Regen    0.0/turn               (no ring)
MPRegen  0.2/turn               (no ring)

@: non-regenerating, drained
A: damage resistance, heal wounds, sense surroundings 1, no regeneration
a: Heal Wounds, Potion Petition, Call Merchant, Bribe Branch, Renounce Religion


You were on level 6 of the Dungeon.
You worshipped Gozag.
Gozag was pleased with you.
You were not hungry.

You visited 2 branches of the dungeon, and saw 8 of its levels.
You also visited: Sewer.

You collected 707 gold pieces.
You paid 40 gold pieces to Gozag.

Inventory:

Hand Weapons
 a - a +2 whip of electrocution (weapon)
 b - a +2 spear of freezing
 e - a +0 hand axe
 i - a +2 dagger of venom
 k - a +0 blowgun
 o - a +0 whip
 x - a +0 hunting sling of flaming
 y - a +0 war axe
 D - a +0 war axe
 G - a +0 falchion of electrocution
 J - a +0 shortbow
Missiles
 l - 42 poisoned needles
 K - 45 arrows
 R - a throwing net (quivered)
Armour
 g - a +0 chain mail
 j - a +0 pair of boots (worn)
 m - a +0 ring mail (worn)
 P - a +0 pair of gloves (worn)
Wands
 L - a wand of disintegration (13/24)
Scrolls
 d - a scroll of magic mapping {unknown}
 q - 4 scrolls of fear {unknown}
 t - 2 scrolls of blinking {unknown}
 u - 3 scrolls of teleportation {unknown}
 v - 4 scrolls of identify {unknown}
 w - 4 scrolls of remove curse {unknown}
 z - 3 scrolls of noise {unknown}
 A - a scroll of enchant armour {unknown}
 C - 2 scrolls of random uselessness {unknown}
 E - 4 scrolls of amnesia {unknown}
 I - 3 scrolls of enchant weapon {unknown}
 N - a scroll of fog {unknown}
Potions
 h - 2 potions of mutation {unknown}
 n - 2 potions of lignification {unknown}
 p - 2 potions of brilliance {unknown}
 r - 3 potions of magic {unknown}
 s - 3 potions of heal wounds {unknown}
 B - 3 potions of curing {unknown}
 F - a potion of invisibility {unknown}
 M - a potion of flight {unknown}
 O - 2 potions of might {unknown}
Books
 H - a book of Necromancy

   Spells                             Type                      Level
   a - Pain                           Necromancy                   1
   b - Animate Skeleton               Necromancy                   1
   c - Vampiric Draining              Necromancy                   3
   d - Regeneration                   Charms/Necromancy            3
   e - Animate Dead                   Necromancy                   4
   f - Control Undead                 Necromancy                   4
Comestibles
 c - 3 bread rations
 f - 2 royal jellies
 Q - 2 meat rations


   Skills:
 - Level 2.0(1.0) Fighting
 + Level 3.1(2.1) Axes
 - Level 2.1(1.1) Dodging
 - Level 2.4(1.3) Stealth
 + Level 6.4(5.2) Spellcasting
 - Level 8.8(7.6) Necromancy
 + Level 0.0 Evocations


You had 15 spell levels left.
You knew the following spells:

 Your Spells              Type           Power        Failure   Level  Hunger
a - Pain                  Necr           ####         1%          1    None
v - Vampiric Draining     Necr           ####......   3%          3    ##.....


Dungeon Overview and Level Annotations

Branches:
Dungeon (7/15)             Temple (1/1) D:5

Altars:
Ashenzari
Cheibriados
Dithmenos
Elyvilon
Fedhas
Gozag
Hepliaklqana
Kikubaaqudgha
Makhleb
Nemelex Xobeh
Okawaru
Qazlal
Ru
Sif Muna
Uskayaw
Vehumet
Yredelemnul
Zin

Annotations:
D:5 exclusion: worm
D:6 letownia2's ghost, novice DDNe


Innate Abilities, Weirdness & Mutations

You are resistant to damage.
You can heal yourself by infusing magical energy.
You passively map a small area around you.
You do not regenerate.


Message History

There is a stone staircase leading down here.
Unknown command.
You closely miss the wight.
The wight is severely damaged.
The wight hits you with an enchanted falchion.
* * * LOW HITPOINT WARNING * * *
You feel drained.
* * * LOW HITPOINT WARNING * * *
You hit the wight but do no damage.
The wight is severely damaged.
The wight hits you with an enchanted falchion.
* * * LOW HITPOINT WARNING * * *
You feel drained.
You hit the wight but do no damage.
The wight is severely damaged.
The wight hits you with an enchanted falchion.
* * * LOW HITPOINT WARNING * * *
You feel drained.
You die...
Your body crumbles into a pile of gold.

.......#.# ######..##.#
#... ######.#.#
#.≈..#8..#.# #### #.#.#
#>≈."'._...# #.#.#
#.≈..#8..#.# ##.#.#
######..#### #....#
###### #....# #..#
#....# #..####### #....#
##@z.....# #....#
#######.# #....# #...#
###### #[..# ######...#
### #........#
..#############.....##.#
...(.[..............##.#
..########.........###.#


You could see a wight.

Vanquished Creatures
  An ice beast (D:5)
  A sky beast (D:5)
  2 orc warriors (D:6)
  A phantom (D:5)
  A centaur (D:5)
  A bullfrog (D:6)
  2 scorpions
  A howler monkey (D:4)
  A centaur zombie (D:7)
  3 crimson imps (D:5)
  2 hounds
  An orc priest (D:4)
  6 orc wizards
  A jelly (D:5)
  A centaur skeleton (D:5)
  2 iguanas (D:4)
  A worker ant (D:6)
  4 gnolls (D:5)
  A river rat (D:3)
  10 adders
  An ooze (D:4)
  An adder skeleton (D:5)
  A worm (D:3)
  3 dart slugs
  3 leopard geckos
  20 orcs
  9 bats
  6 giant cockroaches
  7 goblins
  8 hobgoblins
  24 jackals
  13 kobolds
  5 quokkas
  4 ball pythons
  5 frilled lizards
  A jackal skeleton (D:4)
  A quokka skeleton (D:5)
  9 rats
  4 plants (Sewer)
168 creatures vanquished.

Vanquished Creatures (others)
  An iguana (D:6)
  A ball python (D:2)
  2 kobolds (D:2)
  A quokka zombie (D:6)
5 creatures vanquished.

Grand Total: 173 creatures vanquished

Notes
Turn   | Place    | Note
-------+----------+-------------------------------------------
     0 | D:1      | letownia2 the Deep Dwarf Necromancer began the quest for the Orb.
     0 | D:1      | Reached XP level 1. HP: 15/15 MP: 3/3
   154 | D:2      | Found a faded altar of an unknown god.
   215 | D:2      | Reached XP level 2. HP: 22/22 MP: 0/5
   389 | D:3      | Reached skill level 5 in Necromancy
   389 | D:3      | Reached XP level 3. HP: 6/28 MP: 3/6
   448 | D:3      | Learned a level 3 spell: Vampiric Draining
   679 | D:3      | Found a shattered altar of Ashenzari.
   706 | D:3      | Found a hide-covered altar of Uskayaw.
   717 | D:3      | Reached XP level 4. HP: 14/36 MP: 1/7
   750 | D:3      | Reached skill level 6 in Necromancy
   780 | D:3      | Found a glowing drain.
   791 | Sewer    | Entered a sewer
  1356 | Sewer    | Reached XP level 5. HP: 39/42 MP: 2/8
  1758 | D:4      | Found a basalt altar of Yredelemnul.
  2045 | D:4      | Reached XP level 6. HP: 44/49 MP: 2/11
  2266 | D:4      | Found an iron altar of Okawaru.
  2433 | D:4      | Found a glowing silver altar of Zin.
  2534 | D:5      | Entered Level 5 of the Dungeon
  2587 | D:5      | Noticed an ice beast
  2645 | D:5      | Reached skill level 5 in Spellcasting
  2645 | D:5      | Reached XP level 7. HP: 27/55 MP: 12/14
  2673 | D:5      | Reached skill level 7 in Necromancy
  2960 | D:5      | Reached skill level 8 in Necromancy
  2978 | D:5      | Found a snail-covered altar of Cheibriados.
  3039 | D:5      | Reached skill level 1 in Fighting
  3189 | D:5      | Found a staircase to the Ecumenical Temple.
  3237 | Temple   | Entered the Ecumenical Temple
  3244 | Temple   | Became a worshipper of Gozag Ym Sagoz the Greedy
  3391 | D:5      | Reached XP level 8. HP: 59/67 MP: 9/15
  3686 | D:3      | Found a burning altar of Makhleb.
  4434 | D:2      | Found a radiant altar of Vehumet.
  5729 | D:6      | Reached skill level 1 in Axes
  5750 | D:6      | Noticed letownia2's ghost (novice DDNe)
  6079 | D:6      | Found a deep blue altar of Sif Muna.
  6191 | D:6      | Found a stormy altar of Qazlal.
  6331 | D:6      | HP: 1/67 [wight/enchanted falchion (3)]
  6331 | D:6      | Slain by a wight

Skill      XL: |  1  2  3  4  5  6  7  8 |
---------------+-------------------------+-----
Spellcasting   | 2 3 5 6 |  6.4
Necromancy     | 5 6 8 |  8.8
Fighting       | 2 |  2.0
Axes           | 3 |  3.1
Dodging        | |  2.1
Stealth        | |  2.4

Action                   |  1- 3 |  4- 6 |  7- 9 || total
-------------------------+-------+-------+-------++-------
Melee: Whip              |    13 |   133 |   101 ||   247
 Cast: Pain              |    17 |    63 |   122 ||   202
       Vampiric Draining |     4 |    19 |    27 ||    50
 Stab: Distracted        |       |       |     2 ||     2
       Sleeping          |       |       |     2 ||     2
  Eat: Chunk             |       |     9 |     4 ||    13
       Meat ration       |       |       |     2 ||     2
Armor: Robe              |     2 |       |       ||     2
       Leather armour    |     2 |    24 |     8 ||    34
       Ring mail         |       |       |    28 ||    28
Dodge: Dodged            |    10 |    63 |    90 ||   163
